 Dungeon Crawl Stone Soup version 0.16.2-12-gd0ad4c3 (webtiles) character file.

98 Kira the Sneak (level 4, -1/21 HPs)
             Began as a Spriggan Enchanter on Oct 20, 2015.
             Slain by a gnoll
             ... wielding a +0 halberd
              (14 damage)
             ... on level 3 of the Dungeon.
             The game lasted 00:06:58 (2198 turns).

Kira the Sneak (Spriggan Enchanter)                 Turns: 2198, Time: 00:06:58

Health: -1/21      AC:  3    Str:  4    XL:     4   Next: 43%
Magic:  11/13      EV: 19    Int: 17    God:
Gold:   77         SH:  0    Dex: 16    Spells: 2 memorised, 6 levels left

rFire  . . .     SeeInvis +     a - +1 dagger
rCold  . . .     Clarity  .     b - +1 robe
rNeg   . . .     SustAb   .     (shield restricted)
rPois  .         Gourm    .     (helmet restricted)
rElec  .         Spirit   .     (no cloak)
rCorr  .         Warding  .     (gloves unavailable)
rMut   .         Stasis   .     (boots unavailable)
MR     .....                    (no amulet)
Stlth  ++++......               (no ring)
                                (no ring)

@: very quick, not resistant to hostile enchantments, stealthy
A: unfitting armour, see invisible, herbivore 3, speed 3, slow metabolism 2
a: no special abilities


You were on level 3 of the Dungeon.
You were not hungry.

You visited 1 branch of the dungeon, and saw 3 of its levels.

You collected 77 gold pieces.

Inventory:

Hand weapons
 a - a +1 dagger (weapon)
Armour
 b - a +1 robe (worn)
Jewellery
 m - an uncursed ring of loudness
Scrolls
 e - a scroll of teleportation {unknown}
 f - 4 scrolls of identify {unknown}
 h - 2 scrolls of remove curse
 i - a scroll of magic mapping {unknown}
Potions
 j - 2 potions of might {unknown}
 k - a potion of resistance {unknown}
 l - a potion of lignification {unknown}
Books
 c - a book of Maledictions

   Spells                             Type                      Level
   a - Corona                         Hexes                        1
   b - Sure Blade                     Hexes/Charms                 2
   c - Ensorcelled Hibernation        Hexes/Ice                    2
   d - Confuse                        Hexes                        3
   e - Dazzling Spray                 Conjuration/Hexes            3
   f - Enslavement                    Hexes                        4
Comestibles
 d - a bread ration
 g - a fruit


   Skills:
 + Level 0.1 Fighting
 + Level 1.1 Short Blades
 + Level 4.4 Dodging
 + Level 5.8 Stealth
 + Level 3.1 Spellcasting
 + Level 4.4 Hexes
 - Level 0.1 Ice Magic


You had 6 spell levels left.
You knew the following spells:

 Your Spells              Type           Power        Failure   Level  Hunger
a - Corona                Hex            ###....      2%          1    None
b - Ensorcelled Hibernat  Hex/Ice        ##....       12%         2    ##.....


Dungeon Overview and Level Annotations

Branches:
Dungeon (3/15)

Altars:
The Shining One


Innate Abilities, Weirdness & Mutations

You are tiny and cannot use many weapons and most armour.
You have supernaturally acute eyesight.
You are a herbivore.
You cover ground extremely quickly.
You need consume almost no food.


Message History

There is a stone staircase leading down here.
Eat which item? (? for menu, Esc to quit)
Mmm - a full handful of bilberries!
You start resting.
Magic restored.
You climb downwards.
The gnoll misses you.
There is a stone staircase leading up here.
Casting: Ensorcelled Hibernation
Confirm with . or Enter, or press ? or * to list all spells.
Aiming: Ensorcelled Hibernation
Press: ? - help, Shift-Dir - straight line, f - gnoll
Aim: a gnoll, wielding a halberd (chance 50%)
The gnoll looks drowsy...
The gnoll shouts!
The gnoll hits you with a halberd. The gnoll closely misses you.
You hit the gnoll.
The gnoll is lightly wounded.
The gnoll hits you from afar with a halberd!
Ouch! That really hurt!
You die...

#### #.. ###########
#.# .........@#####.##
#######..........####.#
#g#.#####.......#
#g#....[).........
#g#######.#####.#
....######w# #.#
#.....g....#######.#
#.#.#####..........#
##.#########


You could see 2 gnolls.

Vanquished Creatures
  Jessica (D:2)
  3 adders
  A worm (D:2)
  5 goblins
  9 hobgoblins
  5 jackals (D:1)
  6 kobolds
  2 quokkas (D:2)
  A ball python (D:2)
  3 bats
  4 giant newts
  7 rats
47 creatures vanquished.

Notes
Turn   | Place    | Note
--------------------------------------------------------------
     0 | D:1      | Kira, the Spriggan Enchanter, began the quest for the Orb.
     0 | D:1      | Reached XP level 1. HP: 9/9 MP: 4/4
   318 | D:1      | Reached XP level 2. HP: 5/13 MP: 5/7
   322 | D:1      | Learned a level 2 spell: Ensorcelled Hibernation
   859 | D:1      | Reached skill level 5 in Stealth
   889 | D:1      | Found a glowing golden altar of the Shining One.
  1212 | D:2      | Reached XP level 3. HP: 16/16 MP: 9/9
  1828 | D:2      | Noticed Jessica
  1834 | D:2      | Killed Jessica
  1834 | D:2      | Reached XP level 4. HP: 21/21 MP: 11/13
  2198 | D:3      | Slain by a gnoll

Action                   |  1- 3 |  4- 6 || total
-------------------------+-------+-------++-------
Melee: Dagger            |   119 |     9 ||   128
 Cast: Corona            |     3 |       ||     3
       Ensorcelled Hiber |    22 |     8 ||    30
  Use: Scroll            |       |     1 ||     1
 Stab: Sleeping          |    22 |     5 ||    27
  Eat: Fruit             |       |     1 ||     1
